 Dungeon Crawl Stone Soup version 0.28.0-53-g5a82cb258f (webtiles) character file.

Game seed: 18287157460982924362

14648 BeingJoeMalik the Bludgeoner (level 12, -2/63 HPs)
             Began as a Vine Stalker Fighter on July 23, 2022.
             Was a Priest of Qazlal.
             Slain by Rupert
             ... wielding a +2 vampiric great sword
              (24 damage)
             ... while paralysed by Rupert
             ... on level 12 of the Dungeon.
             The game lasted 00:33:38 (10500 turns).

BeingJoeMalik the Bludgeoner (VSFi)                Turns: 10500, Time: 00:33:39

Health: -2/63      AC: 15    Str: 18    XL:     12   Next: 18%
Magic:  0/14       EV:  2    Int:  8    God:    Qazlal [***...]
Gold:   252        SH:  0    Dex: 30    Spells: 11/11 levels left

rFire   + + +      SeeInvis +   v - +9 whip "Ynepahek" {venom, Fly rPois rF++ SInv}
rCold   + . .      Faith    .   c - +1 buckler
rNeg    . . .      Spirit   +   f - +1 ring mail of the Tundras {rElec rF+ Regen+ Str-2}
rPois   +          Reflect  .   z - +0 helmet
rElec   +          Harm     .   u - +0 cloak {Stlth+}
rCorr   .          Rampage  .   s - +0 pair of gloves {infuse}
Will    +....                   P - +1 pair of boots of the Beekeeper {rElec rC+ Dex+6}
Stlth   ++........              J - amulet of magic regeneration
HPRegen 1.80/turn               i - +6 ring of dexterity
MPRegen 0.54/turn               q - +4 ring of protection

@: paralysed, flying
A: fangs 3, regeneration 1, magic shield, antimagic bite, no potion heal 2
a: Renounce Religion, Upheaval, Elemental Force


You were on level 12 of the Dungeon.
You worshipped Qazlal.
Qazlal was most pleased with you.
You visited 2 branches of the dungeon, and saw 13 of its levels.

You collected 707 gold pieces.
You spent 455 gold pieces at shops.

Inventory:

Hand Weapons
 a - a +0 vampiric flail
 r - a +1 flail of holy wrath
 v - the +9 whip "Ynepahek" (weapon) {venom, Fly rPois rF++ SInv}
   (You found it on level 9 of the Dungeon)

   It poisons the flesh of those it strikes.
   rF:        It greatly protects you from fire.
   rPois:     It protects you from poison.
   SInv:      It lets you see invisible.
   Fly:       It grants you flight.
 w - a +2 morningstar of flaming
 x - a +1 whip of electrocution
Missiles
 e - 3 silver boomerangs
 j - 75 poisoned darts (quivered)
 m - 3 curare-tipped darts
Armour
 c - a +1 buckler (worn)
 f - the +1 ring mail of the Tundras (worn) {rElec rF+ Regen+ Str-2}
   (You bought it in a shop on level 3 of the Dungeon)

   Str:       It affects your strength (-2).
   rF:        It protects you from fire.
   rElec:     It insulates you from electricity.
   Regen:     It increases your rate of health regeneration.
 s - a +0 pair of gloves of infusion (worn)
 u - a +0 cloak of stealth (worn)
 z - a +0 helmet (worn)
 P - the +1 pair of boots of the Beekeeper (worn) {rElec rC+ Dex+6}
   (You found it on level 11 of the Dungeon)

   Dex:       It affects your dexterity (+6).
   rC:        It protects you from cold.
   rElec:     It insulates you from electricity.
Jewellery
 b - a ring of protection from cold
 i - a +6 ring of dexterity (left hand)
 q - a +4 ring of protection (right hand)
 D - a ring of poison resistance
 G - a ring of see invisible
 J - an amulet of magic regeneration (around neck)
Wands
 E - a wand of flame (15)
 F - a wand of mindburst (2)
 H - a wand of iceblast (7)
 I - a wand of polymorph (2)
 N - a wand of digging (4)
Scrolls
 t - 2 scrolls of identify
 y - a scroll of summoning
 A - 4 scrolls of teleportation
 B - 2 scrolls of vulnerability
 C - a scroll of silence
 L - a scroll of magic mapping
 M - a scroll of enchant weapon
 O - a scroll of brand weapon
Potions
 d - 3 potions of might
 g - 3 potions of attraction
 h - 3 potions of lignification
 l - 3 potions of flight
 n - a potion of invisibility
 o - 5 potions of curing
 p - a potion of ambrosia
 K - 2 potions of mutation


   Skills:
 + Level 7.3 Fighting
 + Level 15.0 Maces & Flails
 - Level 2.4 Armour
 + Level 6.9 Shields
 * Level 2.3 Invocations


You had 11 spell levels left.
You didn't know any spells.
Your spell library contained the following spells:

 Spells                   Type           Power      Damage    Failure   Level
 Conjure Flame            Conj/Fire      0%         6-21      96%         3
 Ignite Poison            Fire/Tmut/Pois 0%         N/A       96%         3
 Sticky Flame             Conj/Fire      0%         2d3       100%        4


Dungeon Overview and Level Annotations

Branches:
Dungeon (12/15)            Temple (1/1) D:7            Lair (0/6) D:8
    Orc (0/2) D:11

Altars:
Ashenzari
Cheibriados
Dithmenos
Elyvilon
Fedhas
Gozag
Hepliaklqana
Kikubaaqudgha
Makhleb
Nemelex Xobeh
Okawaru
Qazlal
Ru
Sif Muna
Trog
Uskayaw
Vehumet
Wu Jian
Xom
Yredelemnul
Zin
The Shining One

Shops:
D:2 (   D:3 ![:   D:8 [   D:11 !

Annotations:
D:12 Rupert


Innate Abilities, Weirdness & Mutations

You have razor-sharp teeth.
Your natural rate of healing is unusually fast.
When hurt, damage is shared between your health and your magic reserves.
Your bite disrupts and absorbs the magic of your enemies.
Potions cannot restore your health.


Message History

You destroy the vampire!
Qazlal accepts your kill.
Magic restored.
o - 5 potions of curing (gained 2)
An unseen horror comes into view.
The unseen horror barely misses you. The unseen horror hits you.
You whack the unseen horror! You bite the unseen horror. You drain its power.
You feel invigorated.
The unseen horror is heavily wounded.
The unseen horror hits you but does no damage.
You whack the unseen horror!
The unseen horror looks as sick as possible!
You bite the unseen horror. You drain its power.
You feel invigorated.
The unseen horror is severely wounded.
The unseen horror hits you but does no damage.
You block the unseen horror's attack. The unseen horror hits you!
You block the unseen horror's attack.
You hit the unseen horror.
The unseen horror looks as sick as possible!
Your bite misses the unseen horror.
The unseen horror is almost dead.
You whack the unseen horror!
You kill the unseen horror!
Qazlal accepts your kill.
HP restored.
You hear a shout!
Rupert the Wild comes into view.
He is wielding a +2 vampiric great sword.
Found 20 gold pieces.
Found the +2 hat of the Bear Spirit {Spirit, *Rage Will++}.
You completely miss Rupert. You whack Rupert!
Rupert is lightly wounded.
Rupert roars wildly at you.
You suddenly lose the ability to move!
Rupert roars madly and goes into a rage!
Rupert goes berserk!
Rupert hits you with a +2 vampiric great sword!! x2
Rupert draws strength from your wounds!
Rupert hits you with a +2 vampiric great sword!!
You die...

#.# #..##
#.############..##
#.................
#...........^.....
#..#############..
#..# #.. #..# #..
#.○# #.. #@§#
#######..
#@§...............
#...............<.
#....$............
#......[..........
#.................
#.................
#.................
########.


You could see Rupert (berserk).

Vanquished Creatures
  A boulder beetle (D:11)
  Erica (D:9)
  3 death yaks
  2 two-headed ogres
  An ugly thing (D:10)
  Maurice (D:9)
  A gargoyle (D:11)
  An unseen horror (D:12)
  Maggie (D:6)
  3 trolls
  Sigmund (D:5)
  A vampire (D:12)
  2 wraiths
  A shadow (D:9)
  7 yaks
  Eustachio (D:4)
  4 wyverns
  Edmund (D:5)
  An acid dragon (D:9)
  3 water moccasins
  2 orc warriors
  An ice beast (D:7)
  4 sky beasts
  2 black bears (D:8)
  A necrophage (D:4)
  4 ogres (D:11)
  8 centaurs
  A phantom (D:3)
  8 kobold brigands
  5 gnoll sergeants (D:11)
  2 bullfrogs (D:8)
  6 scorpions
  A water moccasin zombie (D:5)
  A wyvern skeleton (D:7)
  10 killer bees
  4 howler monkeys
  3 centaur zombies
  A hound (D:3)
  A jelly (D:5)
  2 orc priests
  3 iguanas (D:5)
  7 orc wizards
  A hell rat (D:8)
  A killer bee zombie (D:7)
  3 hound skeletons (D:5)
  A howler monkey zombie (D:10)
  6 gnolls (D:11)
  5 adders
  4 river rats (D:8)
  A shadow imp (D:7)
  A white imp (D:7)
  3 ufetubi
  An adder skeleton (D:4)
  A worm (D:2)
  A dart slug (D:2)
  25 orcs
  5 bats
  8 endoplasms
  4 giant cockroaches
  7 goblins
  9 hobgoblins
  15 jackals
  8 quokkas
  9 ball pythons
  5 frilled lizards
  32 kobolds
  7 rats
277 creatures vanquished.

Notes
Turn   | Place    | Note
-------+----------+-------------------------------------------
     0 | D:1      | BeingJoeMalik the Vine Stalker Fighter began the quest for
                  | the Orb.
     0 | D:1      | Reached XP level 1. HP: 11/11 MP: 2/2
    69 | D:1      | Reached skill level 2 in Maces & Flails
   125 | D:1      | Reached XP level 2. HP: 12/16 MP: 3/3
   824 | D:1      | Reached skill level 3 in Maces & Flails
   840 | D:1      | Found a faded altar of an unknown god.
   891 | D:1      | Reached XP level 3. HP: 19/19 MP: 4/4
  1531 | D:2      | Gained mutation: Your natural rate of healing is unusually
                  | fast. [Vine Stalker growth]
  1531 | D:2      | Reached XP level 4. HP: 22/23 MP: 5/5
  1539 | D:2      | Found Noxem's Antique Weapon Boutique.
  1655 | D:2      | Reached skill level 4 in Maces & Flails
  2045 | D:2      | Identified the +10 dagger of Lies {vorpal, rPois Str-3
                  | Dex-3 SInv}
  2298 | D:3      | Found Idusikko's Distillery.
  2320 | D:3      | Bought a potion of curing for 36 gold pieces
  2320 | D:3      | Bought a potion of degeneration for 12 gold pieces
  2543 | D:3      | Reached XP level 5. HP: 27/27 MP: 6/6
  2561 | D:3      | Found Modor's Book Emporium.
  2741 | D:3      | Found Keraosuu's Armour Shop.
  3076 | D:4      | Noticed a phantom
  3093 | D:3      | Killed a phantom
  3094 | D:3      | Reached skill level 5 in Maces & Flails
  3114 | D:4      | Noticed a necrophage
  3129 | D:4      | Killed a necrophage
  3130 | D:4      | Reached skill level 6 in Maces & Flails
  3130 | D:4      | Reached XP level 6. HP: 32/32 MP: 7/7
  3181 | D:4      | Found a shadowy altar of Dithmenos.
  3311 | D:4      | Reached XP level 7. HP: 35/35 MP: 8/8
  3857 | D:5      | Entered Level 5 of the Dungeon
  3909 | D:5      | Noticed Eustachio
  3923 | D:4      | Killed Eustachio
  3924 | D:4      | Reached skill level 7 in Maces & Flails
  4099 | D:5      | Noticed Edmund
  4108 | D:5      | Killed Edmund
  4109 | D:5      | Reached skill level 8 in Maces & Flails
  4109 | D:5      | Gained mutation: You have razor-sharp teeth. [Vine Stalker
                  | growth]
  4109 | D:5      | Reached XP level 8. HP: 35/40 MP: 7/9
  4358 | D:5      | Noticed a two-headed ogre
  4459 | D:5      | Identified the +4 dagger of the Screaming Tiger {protect,
                  | rElec rF- Int+4}
  4472 | D:5      | Noticed Sigmund
  4484 | D:5      | Killed Sigmund
  4485 | D:5      | Reached skill level 9 in Maces & Flails
  5295 | D:3      | Bought the +1 ring mail of the Tundras {rElec rF+ Regen+
                  | Str-2} for 335 gold pieces
  5478 | D:6      | Noticed Maggie
  5498 | D:6      | Killed Maggie
  5499 | D:6      | Reached skill level 10 in Maces & Flails
  5499 | D:6      | Reached XP level 9. HP: 31/45 MP: 0/10
  5729 | D:7      | Found a staircase to the Ecumenical Temple.
  5737 | Temple   | Entered the Ecumenical Temple
  6083 | Temple   | Became a worshipper of Qazlal Stormbringer
  6225 | D:7      | Found a basalt altar of Yredelemnul.
  6756 | D:8      | Found Otoj's Armour Shop.
  6781 | D:7      | Reached skill level 11 in Maces & Flails
  6837 | D:8      | Noticed a death yak
  6869 | D:7      | Killed a death yak
  6870 | D:7      | Reached XP level 10. HP: 50/51 MP: 5/11
  6872 | D:8      | Noticed a death yak
  6878 | D:8      | Noticed a death yak
  6887 | D:7      | Killed a death yak
  6888 | D:7      | Reached skill level 5 in Fighting
  6888 | D:7      | Reached skill level 12 in Maces & Flails
  6898 | D:8      | Killed a death yak
  6927 | D:8      | Reached * piety under Qazlal
  7033 | D:8      | Found a staircase to the Lair.
  7469 | D:3      | Bought a potion of curing for 36 gold pieces
  7469 | D:3      | Bought a potion of curing for 36 gold pieces
  7784 | D:9      | Reached skill level 13 in Maces & Flails
  7945 | D:9      | Identified the +9 whip "Ynepahek" {venom, Fly rPois rF++
                  | SInv}
  7994 | D:9      | Noticed Maurice
  8013 | D:9      | Killed Maurice
  8014 | D:9      | Reached skill level 5 in Shields
  8026 | D:9      | Reached ** piety under Qazlal
  8073 | D:9      | Noticed Erica
  8091 | D:9      | Killed Erica
  8092 | D:9      | Reached XP level 11. HP: 45/56 MP: 5/12
  8505 | D:10     | Entered Level 10 of the Dungeon
  8604 | D:10     | Reached skill level 14 in Maces & Flails
  8940 | D:10     | Noticed a purple ugly thing
  8952 | D:10     | Killed a purple ugly thing
  8978 | D:10     | Noticed a two-headed ogre
  8985 | D:10     | Killed a two-headed ogre
  9347 | D:5      | Killed a two-headed ogre
  9555 | D:11     | Noticed a boulder beetle
  9578 | D:11     | Killed a boulder beetle
  9578 | D:11     | Reached *** piety under Qazlal
  9721 | D:11     | Reached skill level 1 in Invocations
  9871 | D:11     | Identified the +1 pair of boots of the Beekeeper {rElec rC+
                  | Dex+6}
  9946 | D:11     | Reached XP level 12. HP: 63/63 MP: 11/14
  9972 | D:11     | Found Dyfowy's Distillery.
 10129 | D:11     | Found a hide-covered altar of Uskayaw.
 10358 | D:11     | Found a staircase to the Orcish Mines.
 10389 | D:12     | Reached skill level 15 in Maces & Flails
 10394 | D:12     | Noticed a six-headed hydra
 10492 | D:12     | Noticed Rupert
 10494 | D:12     | Found the +2 hat of the Bear Spirit {Spirit, *Rage Will++}
 10497 | D:12     | Paralysed by Rupert for 3 turns
 10500 | D:12     | Slain by Rupert

Illustrated notes

Levels and vault maps discovered:
D:1:      dpeg_arrival_stone_temple_mockup, layout_loops_corners,
          hellmonk_ecumenical_altar_crossroads
D:2:      minmay_chambers_of_twos, layout_loops_ring, serial_shops, shop,
          hangedman_decor_points
D:3:      layout_basic, serial_shops, nicolae_shop_crystal, shop,
          nicolae_shop_waterfront, hex_medium
D:4:      layout_loops_corners, nicolae_dithmenos_the_darkroom
D:5:      layout_layer_cave, lightli_corner_chamber, uniq_eustachio,
          uniq_edmund, uniq_sigmund
D:6:      layout_rooms, chequers_serial_rivers_micro_a, uniq_maggie
D:7:      layout_layer_cave, yredelemnul_altar_generic, temple_green
D:8:      hellmonk_warped_wall, layout_rooms, dpeg_lair_monsters, serial_shops,
          nicolae_stop_n_shop_2
D:9:      layout_basic, uniq_maurice, uniq_erica
D:10:     layout_loops_cross
D:11:     layout_roguey, kennysheep_orc_monster_closet_entryway, serial_shops,
          nicolae_shop_hallway_plus, nicolae_uskayaw_dance_studio
D:12:     layout_long_grid, serial_shops, shop, minmay_misc_feat_ornament,
          onia_ninara_cookie, uniq_rupert
Temple:   mainiacjoe_temple_cubbyholes

Skill      XL: |  1  2  3  4  5  6  7  8  9 10 11 12 |
---------------+-------------------------------------+-----
Maces & Flails | 2 3 4 6 8 10 11 13 14 15 | 15.0
Fighting       | 3 4 5 7 |  7.3
Shields        | 3 4 5 6 |  6.9
Invocations    | 1 2 |  2.3
Armour         | |  2.4

Action                   |  1- 3 |  4- 6 |  7- 9 | 10-12 || total
-------------------------+-------+-------+-------+-------++-------
Melee: Flail             |    76 |   101 |   234 |   111 ||   522
       Bite              |    18 |    27 |    79 |   159 ||   283
       Whip              |       |       |       |   282 ||   282
Throw: Dart              |     2 |     3 |    29 |    11 ||    45
       Boomerang         |       |       |       |     2 ||     2
Evoke: Wand              |       |       |       |     4 ||     4
  Use: Scroll            |       |     5 |     5 |     8 ||    18
       Potion            |       |       |     1 |     2 ||     3
 Stab: Sleeping          |       |       |     1 |       ||     1
Armor: Scale mail        |    30 |    50 |    49 |       ||   129
       Ring mail         |       |       |    56 |   102 ||   158
Dodge: Dodged            |    31 |    55 |    73 |   105 ||   264
Block: Buckler           |    20 |    28 |    49 |   142 ||   239
